AoeStats
← Sekekama

Arabia

510667548Analyzed
1v1 RM · 12h ago on Oct 2, 2026· 26m 54s· 2 players
Game mode
Random Map
Map size
Tiny (2 player)
Population
200
Speed
Normal
Resources
Standard
Victory
Conquest
Starting age
Dark Age
Ending age
Imperial Age
RankedLock teamsTeams togetherTeam positionsShared explorationLock speedFull tech treeHidden civsTurbo modeCheats
Victory
Defeat
🇹🇼 Romans · Taiwan
1417
+24
🇨🇴 Vikings · Colombia
1401
-15
Sekekama
6:39 Loom
9:16 Feudal Age
11:19 Double-Bit Axe
17:37 Fletching
20:48 Padded Archer Armor
22:17 Town Watch
25:25 Castle Age
26:06 Bodkin Arrow
26:24 Crossbowman
lokijasai
6:09 Loom
8:54 Feudal Age
9:00 Man-at-Arms
9:28 Double-Bit Axe
11:07 Scale Mail Armor
14:06 Horse Collar
15:06 Wheelbarrow
21:51 Castle Age
20:48 Forging
20:51 Gold Mining
21:54 Long Swordsman
22:50 Chain Mail Armor
23:06 Squires
Connection lost

Rejoining the realm…

Still unreachable

The connection could not be restored.

Session expired

The server has moved on; the page needs a fresh start.